 Dungeon Crawl Stone Soup version 0.14-a0-932-g154aeca (webtiles) character file.

499 PolkaDot the Ruffian (level 6, -6/58 HPs)
             Began as a Troll Death Knight on Nov 19, 2013.
             Was a Believer of Yredelemnul.
             Mangled by an ogre
             ... wielding a +1,+2 great mace of protection
              (24 damage)
             ... on Level 4 of the Dungeon.
             The game lasted 00:10:06 (3000 turns).

PolkaDot the Ruffian (Troll Death Knight)           Turns: 3000, Time: 00:10:06

HP  -6/58        AC  9     Str 27      XL: 6   Next: 38%
MP   7/7         EV 10     Int  7      God: Yredelemnul [**....]
Gold 138         SH  0     Dex  9 (11) Spells:  0 memorised,  5 levels left

Res.Fire  : . . .   See Invis. : .     - Unarmed
Res.Cold  : . . .   Warding    : .   b - +0 robe
Life Prot.: . . .   Conserve   : .   (shield restricted)
Res.Poison: .       Res.Corr.  : .   n - +0 elf cap
Res.Elec. : .       Clarity    : .   (no cloak)
Sust.Abil.: . .     Spirit.Shd : .   (gloves unavailable)
Res.Mut.  : .       Stasis     : .   (boots unavailable)
Res.Rott. : .       Flight     : .   (no amulet)
Gourmand  : +                        (no ring)
                                     o - ring of wizardry

@: mighty, injury mirror, slightly resistant to hostile enchantments, very
unstealthy
A: unfitting armour, claws 3, slimy green scales 1, thin metallic scales 1, fast
metabolism 3, gourmand, regeneration 2, saprovore 2, shaggy fur 1, tough skin 2
a: Animate Remains, Recall Undead Slaves, Injury Mirror, Renounce Religion


You were on level 4 of the Dungeon.
You worshipped Yredelemnul.
Yredelemnul was pleased with you.
You were very full.

You visited 1 branch of the dungeon, and saw 4 of its levels.

You collected 138 gold pieces.

Inventory:

Armour
 b - a +0 robe (worn)
 n - a +0 elven cap (worn)
Magical devices
 v - a wand of digging (12) {unknown}
Comestibles
 a - 4 meat rations
 f - 2 rotting chunks of orc flesh
 r - a chunk of bat flesh
 t - a choko
 z - a rambutan
Scrolls
 c - 3 scrolls of enchant weapon II {unknown}
 d - a scroll of fog {unknown}
 e - a scroll of random uselessness {unknown}
 g - 3 scrolls of magic mapping {unknown}
 i - a scroll of blinking {unknown}
 j - 5 scrolls of identify {unknown}
 k - 2 scrolls of noise {unknown}
 l - 2 scrolls of teleportation {unknown}
 m - a scroll of curse armour {unknown}
 p - 2 scrolls of remove curse {unknown}
 q - a scroll of enchant weapon I {unknown}
 x - a scroll of curse jewellery {unknown}
Jewellery
 o - a ring of wizardry (left claw)


   Skills:
 - Level 2.2 Fighting
 - Level 2.0 Dodging
 * Level 5.5 Unarmed Combat
 + Level 3.5 Invocations


You had 5 spell levels left.
You didn't know any spells.

Dungeon Overview and Level Annotations

Branches:
Dungeon (4/16)             Temple (0/1) D:4

Altars:
Ashenzari
Nemelex Xobeh


Innate Abilities, Weirdness & Mutations

You are too large for most types of armour.
You have claws for hands.
Your metabolism is lightning-fast.
You like to eat raw meat.
You heal very quickly.
You can eat rotten meat.
You are covered in fur (AC +1).
You have very tough skin (AC +2).
You are partially covered in slimy green scales (AC +2).
You are partially covered in thin metallic scales (AC +2).


Message History

You kill the hound!
Yredelemnul accepts your kill.
Found a war axe.
You see here a war axe.
The centaur no longer looks unusually strong.
The centaur picks up a war axe.
The centaur wields a war axe.
Some of the chunks of flesh in your inventory have completely rotted away.
Use which ability? (? or * to list)
You offer yourself to Yredelemnul, and fill with unholy energy.
The ogre hits you with a glowing great mace!
* * * LOW HITPOINT WARNING * * *
Yredelemnul mirrors your injury!
The ogre is heavily wounded.
Drink which item? (? for menu, Esc to quit)
You feel very mighty all of a sudden.
You closely miss the ogre.
The ogre is heavily wounded.
The ogre hits you with a glowing great mace!
You die...
Your body rises from the dead as a mindless zombie.

##.......## ##..# #.##.##
#.........####...#########.#...##
'.........'......b.c.............
#.........####...#########.#.>.##
##.......## ##..# #.##.##
##.....## ##.# #c#### ##...## #c#
#.# ##'## #O# #.# #.# #@#### #.#
#####.# #....### #.#
......####### ###....# #.#
####........# #§§...# #.#
#.....###.# ##§≈..## #.#
####....# #≈≈≈≈.## ##.##
.###..#.###. #≈≈≈.§≈# #...#####
............. ##≈.≈§§# #.#..%...
####..###### ##§.≈## #...#####


You could see an ogre and a centaur.

Vanquished Creatures
  The ghost of timbw the Chopper, an average MiGl (D:4)
  A phantom (D:4)
  A hound (D:4)
  An orc wizard (D:4)
  A hound skeleton (D:4)
  6 adders
  A giant mite (D:3)
  A giant gecko (D:1)
  2 oozes
  8 orcs
  A ball python (D:1)
  3 giant cockroaches
  8 goblins
  8 hobgoblins
  11 kobolds
  4 bats
  4 giant newts (D:1)
  6 rats
68 creatures vanquished.

Notes
Turn   | Place    | Note
--------------------------------------------------------------
     0 | D:1      | PolkaDot, the Troll Death Knight, began the quest for the Orb.
     0 | D:1      | Reached XP level 1. HP: 20/20 MP: 2/2
    93 | D:1      | Reached XP level 2. HP: 28/28 MP: 2/2
   423 | D:1      | Found a shattered altar of Ashenzari.
   830 | D:2      | Acquired Yredelemnul's second power
   830 | D:2      | Reached XP level 3. HP: 35/35 MP: 4/4
   862 | D:2      | Reached skill level 3 in Unarmed Combat
   955 | D:2      | Found a sparkling altar of Nemelex Xobeh.
  1000 | D:2      | Gained mutation: You have an increased reservoir of magic (+10% MP). [potion of mutation]
  1000 | D:2      | Gained mutation: You regenerate. [potion of mutation]
  1017 | D:2      | Lost mutation: You regenerate. [potion of mutation]
  1022 | D:2      | Lost mutation: You have an increased reservoir of magic (+10% MP). [potion of mutation]
  1022 | D:2      | Gained mutation: You are partially covered in slimy green scales (AC +2). [potion of mutation]
  1022 | D:2      | Gained mutation: You are partially covered in thin metallic scales (AC +2). [potion of mutation]
  1723 | D:3      | Reached XP level 4. HP: 41/41 MP: 4/4
  2299 | D:3      | Reached skill level 4 in Unarmed Combat
  2584 | D:4      | Reached XP level 5. HP: 30/47 MP: 5/5
  2636 | D:4      | Noticed timbw's ghost (average MiGl)
  2664 | D:4      | Killed timbw's ghost
  2741 | D:4      | Noticed a phantom
  2770 | D:4      | Killed a phantom
  2770 | D:4      | Reached skill level 5 in Unarmed Combat
  2770 | D:4      | Reached XP level 6. HP: 58/58 MP: 7/7
  2850 | D:4      | Found a staircase to the Ecumenical Temple.
  2911 | D:4      | Noticed an ogre
  2938 | D:4      | Noticed a centaur
  2957 | D:4      | Paralysed by a potion of paralysis for 6 turns
  3000 | D:4      | Mangled by an ogre

Action                   |  1- 3 |  4- 6 || total
-------------------------+-------+-------++-------
Melee: Unarmed           |   110 |   119 ||   229
Invok: Animate Remains   |       |     2 ||     2
       Injury Mirror     |       |     2 ||     2
  Use: Potion            |       |     8 ||     8
 Stab: Sleeping          |       |     1 ||     1
